 Dungeon Crawl Stone Soup version 0.28-a0-247-gb8bfbab023 (webtiles) character file.

Game seed: 7071853622484390513

9 bande the Covered (level 2, -2/19 HPs)
             Began as a Gargoyle Fighter on Aug 26, 2021.
             Slain by a worm (5 damage)
             ... on level 2 of the Dungeon.
             The game lasted 00:00:51 (413 turns).

bande the Covered (Gargoyle Fighter)                 Turns: 413, Time: 00:00:52

Health: -2/19      AC:  9    Str: 19    XL:     2   Next: 16%
Magic:  2/2        EV:  7    Int:  8    God:
Gold:   37         SH:  8    Dex:  9    Spells: 1/1 levels left

rFire   . . .      SeeInvis .   a - +0 war axe
rCold   . . .      Faith    .   c - +0 kite shield
rNeg    + . .      Spirit   .   b - +0 scale mail
rPois   ∞          Reflect  .   (no helmet)
rElec   +          Harm     .   (no cloak)
rCorr   .          Rampage  .   (no gloves)
Will    .....                   (no boots)
Stlth   ..........              (no amulet)
HPRegen 0.06/turn               (no ring)
MPRegen 0.08/turn               (no ring)

@: no status effects
A: sickness immunity, AC +2, negative energy resistance 1, electricity
resistance, torment resistance 1, petrification resistance
a: no special abilities


You were on level 2 of the Dungeon.
You visited 1 branch of the dungeon, and saw 2 of its levels.

You collected 37 gold pieces.

Inventory:

Hand Weapons
 a - a +0 war axe (weapon)
Armour
 b - a +0 scale mail (worn)
 c - a +0 kite shield (worn)
Potions
 d - a potion of might


   Skills:
 + Level 3.4 Fighting
 + Level 2.0 Axes
 + Level 3.4 Armour
 + Level 3.4 Shields


You had one spell level left.
You didn't know any spells.
Your spell library was empty.

Dungeon Overview and Level Annotations

Branches:
Dungeon (1/15)

Altars:

Annotations:
D:2 Natasha


Innate Abilities, Weirdness & Mutations

You are immune to sickness and miasma.
Your stone body is resilient. (AC +2)
You are immune to poison.
You resist negative energy. (rN+)
You are resistant to electric shocks. (rElec)
You are resistant to unholy torment.
You are immune to petrification.


Message History

The worm is heavily wounded.
You closely miss Natasha.
Natasha mumbles some strange words.
The worm bites you.
You are too injured to fight recklessly!
You are too injured to fight recklessly!
You are too injured to fight recklessly!
You are too injured to fight recklessly!
You are too injured to fight recklessly!
You are too injured to fight recklessly!
You are too injured to fight recklessly!
You are too injured to fight recklessly!
Unknown command.
You hit the worm.
The worm is severely wounded.
You barely miss the crimson imp.
Your shield prevents you from hitting Natasha.
Natasha casts a spell.
The crimson imp hits you but does no damage.
Natasha claws you. The worm closely misses you.
You barely miss the worm.
The worm is severely wounded.
You miss Natasha. You hit the crimson imp. The crimson imp barely misses you.
Natasha barely misses you. You block the crimson imp's attack.
The worm bites you but does no damage.
Unknown command.
You barely miss the worm.
The worm is severely wounded.
You hit Natasha but do no damage. You miss the crimson imp.
Natasha claws you but does no damage.
The crimson imp blinks! x2
You block Natasha's attack. The worm barely misses you.
Unknown command.
You barely miss the worm.
The worm is heavily wounded.
You barely miss Natasha.
The crimson imp blinks!
Natasha casts a spell at you. The magic dart hits you.
* * * LOW HITPOINT WARNING * * *
The worm bites you.
You die...

.### ....... .#
......# )# ......# .#
#.#... ###### ###....
.....###### #....#
####......###.#.#
######.5....h####5###
#.......§§@w...§.#
#.....#####.####.#..
.......## ...#
.#...## #..### ...##
...# ..# #.## ## #


You could see a worm, Natasha and 2 crimson imps.

Vanquished Creatures
  2 endoplasms
  2 hobgoblins (D:1)
  2 bats (D:1)
  A kobold (D:2)
  3 rats (D:2)
10 creatures vanquished.

Notes
Turn   | Place    | Note
-------+----------+-------------------------------------------
     0 | D:1      | bande the Gargoyle Fighter began the quest for the Orb.
     0 | D:1      | Reached XP level 1. HP: 14/14 MP: 1/1
   323 | D:1      | You fall into a shaft and drop 1 floor!
   354 | D:2      | Reached XP level 2. HP: 19/19 MP: 2/2
   404 | D:2      | Noticed Natasha
   410 | D:2      | Noticed a crimson imp
   411 | D:2      | Noticed a crimson imp
   413 | D:2      | Slain by a worm

Illustrated notes

Levels and vault maps discovered:
D:1:      minmay_arrival_four_circles, layout_basic,
          ebering_ecumenical_altar_rust
D:2:      layout_rooms, uniq_natasha

Skill      XL: |  1  2 |
---------------+-------+-----
Axes           | 2 |  2.0
Fighting       | |  3.4
Armour         | |  3.4
Shields        | |  3.4

Action                   || total
-------------------------++-------
Melee: War axe           ||    38
Armor: Scale mail        ||    26
Dodge: Dodged            ||    18
Block: Kite shield       ||    14

Table legend: (Time is in decaauts)
 A = Elapsed time spent in this place.
 B = Non-inter-level travel time spent in this place.
 C = Inter-level travel time spent in this place.
 D = Time resting spent in this place.
 E = Time spent auto-exploring this place.
 F = Levels seen in this place.
 G = Mean time per level.
                   A        B        C        D        E       F      G
               +--------+--------+--------+--------+--------+-----+--------+
         Total |    436 |    436 |      0 |      0 |    327 |   2 |  218.0 |
       Dungeon |    436 |    436 |      0 |      0 |    327 |   2 |  218.0 |
               +--------+--------+--------+--------+--------+-----+--------+

Top non-repeatable levels by time:
     D:1: 334 daAuts
     D:2: 102 daAuts
